 Dungeon Crawl Stone Soup version 0.18.1-2-ga659475 (webtiles) character file.

96 inmateoo the Ruffian (level 4, -7/38 HPs)
             Began as a Naga Transmuter on May 9, 2016.
             Mangled by a gnoll (8 damage)
             ... on level 2 of the Dungeon.
             The game lasted 00:03:05 (2275 turns).

inmateoo the Ruffian (Naga Transmuter)              Turns: 2275, Time: 00:03:05

Health: -7/38      AC:  3    Str: 18    XL:     4   Next: 67%
Magic:  2/7        EV: 15    Int: 14    God:
Gold:   113        SH:  0    Dex: 16    Spells: 3 memorised, 1 level left

rFire  . . .     SeeInvis +       - Unarmed
rCold  . . .     Gourm    .     b - +0 robe
rNeg   . . .     Faith    .     (no shield)
rPois  +         Spirit   .     (no helmet)
rElec  .         Dismiss  .     (no cloak)
rCorr  .         Reflect  .     e - +0 pair of gloves
SustAt .         Harm     .     (no barding)
MR     .....                    (no amulet)
Stlth  ++........               (no ring)
                                j - +5 ring of strength

@: agile, very slightly contaminated, very slow, not resistant to hostile
enchantments, unstealthy
A: see invisible, deformed body, poison resistance, slowness 2, slow metabolism
1, spit poison 2, AC +1
a: Spit Poison


You were on level 2 of the Dungeon.
You were not hungry.

You visited 1 branch of the dungeon, and saw 2 of its levels.

You collected 113 gold pieces.

Inventory:

Missiles
 a - 10 arrows
Armour
 b - a +0 robe (worn)
 e - a +0 pair of gloves (worn)
Jewellery
 j - a +5 ring of strength (left hand)
Books
 c - a book of Changes

   Spells                             Type                      Level
   a - Beastly Appendage              Transmutation                1
   b - Sticks to Snakes               Transmutation                2
   c - Spider Form                    Transmutation/Poison         3
   d - Ice Form                       Ice/Transmutation            4
   e - Blade Hands                    Transmutation                5
Comestibles
 d - a bread ration
 g - 2 meat rations
 h - 5 fruits


   Skills:
 + Level 1.4 Fighting
 + Level 2.1 Dodging
 + Level 3.6 Unarmed Combat
 + Level 2.3 Spellcasting
 * Level 3.0 Transmutations
 + Level 1.3 Poison Magic


You had one spell level left.
You knew the following spells:

 Your Spells              Type           Power        Failure   Level  Hunger
a - Beastly Appendage     Trmt           ##....       10%         1    #......
b - Sticks to Snakes      Trmt           ##......     12%         2    ###....
c - Spider Form           Trmt/Pois      #.........   30%         3    ###....


Dungeon Overview and Level Annotations

Branches:
Dungeon (2/15)

Altars:


Innate Abilities, Weirdness & Mutations

You cannot wear boots.
Your serpentine skin is tough (AC +1).
You have supernaturally acute eyesight.
Armour fits poorly on your strangely shaped body.
Your system is resistant to poisons.
You cover ground very slowly.
You have a slow metabolism.
You can spit poison.


Message History

You feel sick.
You barely miss the gnoll. The gnoll hits you.
* * * LOW HITPOINT WARNING * * *
You barely miss the gnoll. The gnoll hits you.
* * * LOW HITPOINT WARNING * * *
You hit the gnoll.
The gnoll is moderately wounded.
The gnoll hits you.
* * * LOW HITPOINT WARNING * * *
Drink which item? (? for menu, Esc to quit)
It was a potion of cure mutation.
It has a very clean taste.
Your horns disappear.
The gnoll closely misses you.
Drink which item? (? for menu, Esc to quit)
You feel agile all of a sudden.
* * * LOW HITPOINT WARNING * * *
You feel sick.
You are no longer poisoned.
The gnoll hits you!
You die...

,,****,≈≈≈≈,≈≈≈≈,*
*,,,,,,*≈≈≈,≈≈≈≈,*
*,*****≈≈≈≈,≈≈≈≈,*
#,* *≈≈≈≈,≈*P.,*
#.# ***≈≈,≈♣♣.**
#.# *≈≈P.g♣≈.*
..#* ##≈≈≈.P♣≈.##
≈PP* *#≈P≈≈.≈P≈..#
PP♣***≈♣≈≈g.≈≈♣≈@#
≈≈♣ *≈*♣P≈≈.≈≈♣Pg#
≈≈♣♣♣*♣♣≈≈≈.≈≈♣♣†#
≈P≈≈♣♣♣≈≈≈≈.≈♣≈..#
≈≈≈≈≈P≈≈≈≈P.≈♣..##
≈≈≈≈≈≈≈≈≈≈≈.♣..##
..............##
≈≈P≈≈≈≈≈≈≈≈...#
PPP≈≈≈≈≈≈≈≈≈♣##


You could see a gnoll.

Vanquished Creatures
  3 adders (D:2)
  2 gnolls (D:2)
  A dart slug (D:1)
  2 giant geckos (D:1)
  A ball python (D:1)
  8 goblins
  7 hobgoblins
  2 kobolds
  3 quokkas (D:2)
  6 bats
  5 giant newts
  7 rats
47 creatures vanquished.

Notes
Turn   | Place    | Note
--------------------------------------------------------------
     0 | D:1      | inmateoo the Naga Transmuter began the quest for the Orb.
     0 | D:1      | Reached XP level 1. HP: 18/18 MP: 3/3
    95 | D:1      | Reached XP level 2. HP: 22/25 MP: 5/5
   741 | D:1      | Reached XP level 3. HP: 25/31 MP: 6/6
  1230 | D:2      | HP: 1/31 [hobgoblin/spear (1)]
  1640 | D:2      | Learned a level 2 spell: Sticks to Snakes
  1644 | D:2      | Learned a level 3 spell: Spider Form
  1873 | D:2      | Reached skill level 1 in Poison Magic
  1873 | D:2      | Reached XP level 4. HP: 31/38 MP: 7/7
  2273 | D:2      | HP: 1/38 [gnoll (4)]
  2275 | D:2      | Mangled by a gnoll

Skill      XL: |  1  2  3  4 |
---------------+-------------+-----
Dodging        | 2 |  2.1
Poison Magic   | 1 |  1.3
Transmutations | 3 |  3.0
Fighting       | |  1.4
Unarmed Combat | |  3.6
Spellcasting   | |  2.3

Action                   |  1- 3 |  4- 6 || total
-------------------------+-------+-------++-------
Melee: Unarmed           |   156 |    33 ||   189
       Headbutt          |     4 |     5 ||     9
       Punch             |     1 |     1 ||     2
 Cast: Beastly Appendage |     5 |     4 ||     9
       Sticks to Snakes  |       |     2 ||     2
 Abil: Spit Poison       |       |     2 ||     2
  Use: Scroll            |     3 |       ||     3
       Potion            |     1 |     2 ||     3
  Eat: Chunk             |     2 |     2 ||     4
Armor: Robe              |    33 |     8 ||    41
Dodge: Dodged            |    95 |    18 ||   113
